Map: Acropolis LE

Players

Elazer - Winner!

  • Race: Zerg Zerg
  • League: Grandmaster
  • Spawn Location: 11:00

Bunny

  • Race: Terran Terran
  • League: Diamond
  • Spawn Location: 5:00

Event: HomeStory Cup XIX

VOD

Have the link to the VOD?

Description

Time

  • Played on: June 28, 2019, 10:46 a.m.
  • Length: 14:42

All games in this series

Show
View Real Time Build Order
Export as new Build Order

Elazer Zerg - Winner!

Build Orders: Hatch First, Swarm Host 

Get SALT Encoding   

  12  0:00  Drone  
  13  0:12  Overlord  
  13  0:17  Drone  
  14  0:30  Drone x2  
  16  0:50  Hatchery  
  16  0:51  Drone  
  16  0:55  Drone  
  17  0:58  Drone  
  18  1:09  Extractor  
  17  1:14  Spawning Pool  
  17  1:16  Drone  
  17  1:19  Drone  
  18  1:28  Drone  
  19  1:38  Drone  
  20  1:49  Drone  
  21  2:01  Queen x2  
  21  2:02  Zergling x4  
  27  2:15  Hatchery  
  26  2:18  Overlord  
  26  2:21  Drone  
  27  2:24  Drone  
  28  2:31  Metabolic Boost  
  29  2:37  Drone x3  
  31  2:46  Queen  
  31  2:50  Overlord  
  33  2:59  Drone x3  
  36  3:10  Drone x2  
  36  3:11  Drone x3  
  41  3:16  Drone  
  41  3:17  Drone  
  43  3:22  Queen  
  43  3:23  Extractor  
  45  3:27  Queen  
  45  3:29  Overlord  
  48  3:34  Drone  
  48  3:35  Drone  
  48  3:41  Overlord  
  49  3:42  Zergling x2  
  49  3:47  Zergling x6  
  53  3:50  Drone x3  
  53  3:53  Drone  
  57  3:56  Drone  
  57  3:59  Baneling Nest  
  57  4:00  Drone x3  
  60  4:05  Queen  
  60  4:08  Overlord  
  60  4:09  Drone  
  63  4:15  Zergling x8  
  66  4:18  Overlord  
  66  4:28  Spore Crawler  
  66  4:29  Spore Crawler  
  66  4:30  Drone  
  66  4:31  Drone, Spore Crawler  
  64  4:32  Drone, Spore Crawler  
  64  4:33  Drone x3  
  64  4:36  Drone x3  
  70  4:43  Queen  
  70  4:44  Baneling  
  70  4:45  Baneling x3  
  72  4:46  Drone x2  
  72  4:50  Drone x3  
  77  4:54  Lair  
  77  4:59  Baneling, Extractor  
  76  5:00  Baneling, Extractor  
  76  5:03  Zergling x10  
  80  5:07  Overlord  
  80  5:08  Drone x2  
  80  5:12  Extractor  
  81  5:18  Drone  
  82  5:22  Overlord x2  
  82  5:23  Hatchery  
  82  5:25  Drone  
  82  5:30  Overlord  
  82  5:32  Drone x7  
  82  5:33  Drone  
  90  5:38  Overlord  
  90  5:41  Drone x2  
  92  5:47  Queen  
  93  5:50  Drone x4  
  93  5:51  Drone x4  
  93  5:52  Overseer  
  93  5:53  Overseer  
  100  5:58  Extractor  
  100  5:59  Extractor  
  100  6:01  Drone x2  
  100  6:02  Evolution Chamber  
  100  6:03  Evolution Chamber  
  98  6:06  Overlord  
  98  6:08  Drone x3  
  101  6:12  Overlord, Spore Crawler  
  101  6:14  Drone  
  101  6:17  Overlord  
  101  6:18  Centrifical Hooks  
  101  6:20  Drone x2  
  101  6:21  Overlord  
  103  6:28  Infestation Pit  
  103  6:30  Zerg Missile Weapons Level 1, Zerg Ground Armor Level 1, Overlord  
  103  6:32  Zergling x2  
  103  6:33  Drone x2  
  103  6:34  Drone  
  106  6:40  Drone  
  106  6:41  Drone x2  
  106  6:43  Queen, Overlord  
  106  6:45  Drone  
  112  6:49  Overlord  
  112  6:50  Roach Warren  
  112  6:52  Drone  
  112  6:53  Drone x2  
  114  6:55  Extractor  
  114  6:57  Extractor  
  112  7:09  Drone x3  
  115  7:16  Overlord  
  115  7:18  Overlord x2  
  115  7:25  Swarm Host x8  
  115  7:26  Swarm Host  
  115  7:29  Glial Reconstitution  
  142  7:31  Roach x5  
  142  7:35  Swarm Host  
  155  7:46  Roach x4  
  163  7:51  Hive  
  163  7:52  Swarm Host  
  163  7:53  Swarm Host x4  
  178  7:59  Overlord x2  
  178  8:01  Overlord  
  178  8:05  Swarm Host  
  178  8:10  Roach x5  
  178  8:11  Overlord  
  178  8:12  Nydus Network  
  190  8:14  Overlord  
  190  8:21  Overlord  
  190  8:27  Roach  
  190  8:28  Roach x4, Zerg Missile Weapons Level 2  
  189  8:44  Zerg Ground Armor Level 2  
  185  8:52  Roach x7  
  194  8:58  Roach x4  
  186  9:04  Roach x6  
  198  9:17  Overseer x2, Pneumatized Carapace  
  198  9:19  Hatchery  
  198  9:22  Ravager x3  
  200  9:28  Hatchery  
  197  9:34  Roach x7  
  197  9:38  Roach x4  
  199  9:45  Spire  
  198  10:00  Nydus Canal  
  198  10:14  Nydus Canal  
  198  10:16  Roach  
  200  10:36  Spire  
  195  11:04  Extractor  
  195  11:05  Extractor, Spine Crawler x2  
  195  11:06  Spine Crawler  
  187  11:17  Ravager x2  
  187  11:18  Ravager x6  
  195  11:19  Roach x2  
  189  11:40  Overlord x4  
  189  11:41  Overlord  
  183  11:53  Overlord x3  
  180  12:00  Roach x14  
  180  12:01  Roach x2  
  198  12:03  Greater Spire, Zerg Flyer Armor Level 1  
  198  12:04  Zerg Missile Weapons Level 3  
  198  12:05  Zerg Ground Armor Level 3  
  192  12:14  Roach x3  
  192  12:15  Roach, Nydus Canal  
  180  12:31  Roach x3  
  180  12:32  Roach x5  
  180  12:36  Roach  
  181  12:43  Hatchery  
  180  12:47  Roach x3  
  181  12:51  Ravager  
  181  12:52  Ravager x3  
  181  12:56  Ravager  
  183  13:00  Swarm Host x4  
  183  13:04  Roach x3  
  183  13:11  Roach x2  
  167  13:17  Roach x4  
  167  13:19  Roach x5  
  185  13:25  Roach x7  
  191  13:39  Roach x9  
  195  13:43  Drone x2  
  194  13:48  Roach  
  194  13:49  Roach x2  
  192  13:56  Drone x5  
  192  13:57  Drone  
  192  14:01  Roach  
  192  14:02  Roach  
  200  14:06  Overlord x2  
  198  14:17  Nydus Canal  
  198  14:19  Drone x3  
Show
View Real Time Build Order
Export as new Build Order

Bunny Terran 

Build Orders: Reaper Expand, Hellion Banshee, Mech 

Get SALT Encoding   

  12  0:00  SCV  
  13  0:12  SCV  
  14  0:16  Supply Depot  
  14  0:24  SCV  
  15  0:38  SCV  
  15  0:40  Barracks  
  16  0:43  Refinery  
  16  0:50  SCV  
  17  1:02  SCV  
  18  1:14  SCV  
  19  1:27  Orbital Command, Reaper  
  20  1:39  Command Center  
  20  1:49  Supply Depot  
  20  1:53  SCV  
  21  1:59  Marine  
  22  2:05  SCV  
  23  2:08  Factory  
  23  2:14  Refinery  
  23  2:17  SCV  
  23  2:22  Barracks Reactor  
  24  2:29  SCV  
  25  2:41  SCV  
  26  2:52  Orbital Command  
  26  2:53  SCV  
  26  2:54  Starport  
  27  3:02  Hellion x2  
  31  3:05  SCV  
  31  3:11  Barracks Tech Lab  
  32  3:17  SCV  
  32  3:18  SCV  
  34  3:24  Hellion x2  
  38  3:30  SCV x2  
  40  3:37  Supply Depot  
  40  3:38  Banshee  
  40  3:39  Cloaking Field  
  43  3:42  SCV x2  
  45  3:49  Supply Depot  
  45  3:56  Armory  
  45  3:59  Supply Depot, Hellion x2  
  45  4:01  SCV x2  
  51  4:14  SCV x2  
  53  4:21  Banshee, Hellion x2  
  60  4:24  Supply Depot  
  60  4:27  SCV x2  
  62  4:39  Command Center  
  62  4:46  SCV x2  
  62  4:49  Supply Depot  
  62  4:50  Hellion x5  
  63  4:55  Factory  
  63  4:56  Factory  
  63  4:59  Refinery  
  63  5:00  Refinery  
  63  5:02  SCV x2  
  65  5:09  Barracks Tech Lab  
  65  5:14  SCV x2  
  67  5:24  Terran Vehicle Weapons Level 1  
  67  5:25  Hellion x5  
  67  5:27  SCV x2  
  69  5:28  Supply Depot x2  
  69  5:29  Supply Depot  
  69  5:31  Hellion  
  69  5:32  Hellion  
  73  5:35  Starport Reactor  
  73  5:39  SCV x2  
  75  5:45  Armory  
  75  5:53  SCV  
  75  5:54  SCV  
  77  6:02  Thor  
  83  6:06  SCV x2  
  83  6:07  Refinery  
  83  6:09  Thor  
  91  6:12  Refinery  
  91  6:18  SCV x2  
  93  6:24  Medivac  
  95  6:27  Supply Depot  
  95  6:28  Command Center, Medivac  
  95  6:30  Orbital Command  
  95  6:32  SCV  
  98  6:33  SCV  
  99  6:44  SCV  
  99  6:45  Terran Vehicle And Ship Armor Level 1, SCV  
  99  6:46  Siege Tank  
  104  6:52  Supply Depot  
  107  6:57  SCV x2  
  107  6:58  SCV  
  110  7:02  Viking  
  110  7:04  Viking  
  114  7:10  SCV x3  
  117  7:18  Engineering Bay  
  117  7:19  Siege Tank  
  116  7:23  SCV x3  
  116  7:25  Factory  
  116  7:28  Factory  
  119  7:31  Supply Depot  
  119  7:32  Viking  
  119  7:34  Viking  
  119  7:36  Siege Tank  
  126  7:39  SCV x3  
  126  7:42  Hellion x2  
  133  7:48  Terran Vehicle Weapons Level 2  
  133  7:52  Siege Tank  
  133  7:53  SCV x3  
  133  7:56  Supply Depot  
  139  7:58  Refinery  
  139  8:04  Hellion  
  139  8:05  SCV x3  
  144  8:07  Hellion  
  144  8:10  Refinery, Planetary Fortress  
  146  8:13  Factory Tech Lab, Factory Reactor  
  146  8:14  Siege Tank  
  149  8:21  SCV  
  149  8:22  SCV x2  
  152  8:27  Siege Tank  
  152  8:29  Hellion x2  
  159  8:39  Thor x2  
  153  8:41  Siege Tank  
  153  8:44  SCV x3  
  153  8:46  Siege Tank  
  160  8:49  Terran Vehicle And Ship Armor Level 2  
  154  8:56  SCV, Command Center  
  154  8:59  Siege Tank  
  154  9:01  Hellion x2  
  154  9:02  Hellion x2  
  147  9:05  Medivac  
  147  9:06  Viking, SCV x2  
  147  9:08  SCV  
  152  9:13  Siege Tank  
  152  9:14  Sensor Tower  
  152  9:16  SCV  
  156  9:18  SCV  
  156  9:21  Sensor Tower  
  156  9:22  Siege Tank  
  156  9:23  Hellion x4  
  162  9:38  Siege Tank  
  162  9:44  Hellion x2  
  162  9:45  Hellion  
  171  9:49  Supply Depot  
  171  9:50  Supply Depot  
  171  9:52  Viking  
  171  10:01  Factory  
  171  10:02  Factory  
  171  10:03  Factory  
  171  10:07  Refinery x2  
  171  10:08  Siege Tank x2, Viking, Hellion x4  
  183  10:22  Siege Tank  
  185  10:29  Hellion x4, Infernal Pre-Igniter  
  187  10:40  Siege Tank, Hellion  
  187  10:42  Missile Turret  
  192  10:49  Factory Tech Lab x2, Factory Reactor  
  192  10:51  Liberator x2, Hellion x2  
  192  10:54  Siege Tank  
  187  11:06  Orbital Command  
  187  11:07  Hellion x2  
  191  11:12  Hellion x2  
  191  11:16  Siege Tank  
  200  11:18  Hellion  
  179  11:35  Cyclone x3  
  179  11:36  Hellion  
  179  11:37  Hellion x2  
  179  11:39  Cyclone  
  197  11:42  Hellion x2  
  197  11:44  Hellion  
  197  11:45  Hellion x4  
  183  11:48  Cyclone  
  175  11:58  Hellion x3  
  171  12:05  Hellion x2  
  171  12:07  Siege Tank x2, Hellion  
  175  12:12  Viking  
  173  12:25  Planetary Fortress  
  173  12:28  Hellion x3  
  173  12:29  Hellion  
  174  12:32  Viking  
  174  12:34  Hellion  
  158  12:38  Mag-Field Accelerator  
  158  12:42  Viking  
  158  12:49  Cyclone x4  
  154  12:53  Hellion  
  154  12:54  Hellion  
  154  12:55  Hellion  
  145  13:00  Cyclone  
  142  13:05  Hellion x2  
  142  13:06  Hellion  
  130  13:15  Hellion x2  
  130  13:16  Hellion  
  130  13:18  Orbital Command  
  136  13:21  Cyclone  
  136  13:22  Cyclone  
  141  13:32  Cyclone x2  
  141  13:33  Hellion  
  137  13:35  Refinery  
  137  13:36  Refinery  
  129  13:42  Hellion  
  129  13:43  Hellion x2  
  138  13:48  Cyclone  
  138  13:54  Refinery  
  130  13:55  Cyclone  
  130  13:56  Cyclone  
  136  14:04  Refinery, Cyclone x2  
  136  14:21  Hellion x2  
Tags
 
Add a new tag
Caveats
  • Supply blocks, unpowered buildings, or Contaminate may cause inaccurate times.
  • Supply counts are checked every 10 seconds.